 Dungeon Crawl Stone Soup version 0.29.1-12-g30fa7ad0bf (webtiles) character file.

Game seed: 9888253187731836210

496 Strafespey the Cutter (level 7, 0/38 HPs)
             Began as a Kobold Enchanter on Dec 22, 2022.
             Succumbed to a water moccasin's poison
             ... on level 4 of the Dungeon.
             The game lasted 00:18:45 (4647 turns).

Strafespey the Cutter (Kobold Enchanter)            Turns: 4647, Time: 00:18:45

Health: 0/38       AC:  4    Str:  7    XL:     7   Next: 38%
Magic:  10/10      EV: 15    Int: 17    God:
Gold:   154        SH:  0    Dex: 15    Spells: 8/10 levels left

rFire   . . .      SeeInvis .   v - +2 short sword (drain)
rCold   + . .      Faith    .   (no shield)
rNeg    . . .      Spirit   .   b - +0 robe
rPois   .          Reflect  .   (no helmet)
rElec   .          Harm     .   (no cloak)
rCorr   .          Rampage  .   s - +0 pair of gloves
Will    .....                   e - +0 pair of boots
Stlth   ++++......              (no amulet)
HPRegen 0.12/turn               x - ring of protection from cold
MPRegen 0.12/turn               (no ring)

@: lethally poisoned (0 -> -15), invisible
A: small, no large weapons, nightstalker 3
a: no special abilities


You were on level 4 of the Dungeon.
You visited 1 branch of the dungeon, and saw 4 of its levels.
You also visited: Ossuary.

You collected 154 gold pieces.

Inventory:

Hand Weapons
 a - a +1 dagger
 v - a +2 short sword of draining (weapon)
 w - the +1 long sword of the Dead {flame, Str-3 Int+4 Dex+7 Stlth+}
   (You found it on level 3 of the Dungeon)

   It burns those it strikes, dealing additional fire damage.
   Big, fiery blades are also staple armaments of hydra-hunters.
   Str:       It affects your strength (-3).
   Int:       It affects your intelligence (+4).
   Dex:       It affects your dexterity (+7).
   Stlth:     It makes you more stealthy.
Armour
 b - a +0 robe (worn)
 d - a +1 chain mail of poison resistance
 e - a +0 pair of boots (worn)
 s - a +0 pair of gloves (worn)
Jewellery
 x - a ring of protection from cold (left hand)
Wands
 o - a wand of roots (8)
Scrolls
 g - a scroll of blinking
 k - a scroll of enchant weapon
 l - 2 scrolls of butterflies {unknown}
 n - 2 scrolls of magic mapping {unknown}
 p - a scroll of teleportation {unknown}
 r - 3 scrolls of immolation {unknown}
 t - a scroll of fear {unknown}
Potions
 c - a potion of invisibility
 f - 6 potions of flight
 h - 2 potions of curing {unknown}
 i - a potion of heal wounds {unknown}
 j - a potion of haste {unknown}
 m - a potion of lignification {unknown}
 q - a potion of degeneration {unknown}
 u - a potion of cancellation {unknown}
 z - a potion of resistance {unknown}


   Skills:
 + Level 1.0 Fighting
 - Level 6.0 Short Blades
 - Level 2.4 Dodging
 - Level 6.0 Stealth
 - Level 2.1 Spellcasting
 - Level 3.2 Hexes
 - Level 4.2 Ice Magic


You had 8 spell levels left.
You knew the following spells:

 Your Spells              Type           Power      Damage    Failure   Level
a - Ensorcelled Hibernat  Hex/Ice        28%        N/A       6%          2

Your spell library contained the following spells:

 Spells                   Type           Power      Damage    Failure   Level
 Confusing Touch          Hex            12%        N/A       16%         3
 Tukima's Dance           Hex            12%        N/A       16%         3
 Foxfire                  Conj/Fire      4%         2x1d4     19%         1
 Dazzling Flash           Conj/Hex       14%        N/A       30%         3
 Inner Flame              Hex/Fire       7%         N/A       30%         3
 Conjure Flame            Conj/Fire      1%         6-21      50%         3
 Spider Form              Tmut/Pois      1%         N/A       50%         3
 Anguish                  Hex/Necr       3%         N/A       69%         4
 Flame Wave               Conj/Fire      1%         2d4       88%         4


Dungeon Overview and Level Annotations

Branches:
Dungeon (4/15)            Ossuary (visited)
 Temple: D:4-7

Altars:
Hepliaklqana
Ru

Annotations:
D:3 1 runed translucent door, Crazy Yiuf
D:4 1 runed translucent door


Innate Abilities, Weirdness & Mutations

You are small and have problems with some larger weapons.
You are completely attuned to the shadows.


Message History

You hit the kobold zombie.
You destroy the kobold zombie!
You barely miss the mummy. The mummy hits you!
You completely miss the mummy.
There is a gate leading back out of this place here.
Welcome back to the Dungeon!
Level annotation: 1 runed translucent door The water moccasin bites you.
There is a collapsed entrance, spattered with blood here.
You can't go up here!
Okay, then.
The water moccasin attacks as you move away!
The water moccasin bites you but does no damage.
The water moccasin bites you.
You are poisoned.
The water moccasin poisons you!
Blink to where?
Press: ? - help, Dir - move target
As you read the scroll of blinking, it crumbles to dust.
You feel sick.
You feel sick.
There is an open door here.
You feel sick.
You feel sick.
There is an open door here.
You feel sick. The hobgoblin hits you.
* * * LOW HITPOINT WARNING * * *
You feel sick. The hobgoblin attacks as you move away!
The hobgoblin closely misses you.
You feel sick.
You feel sick.
You are no longer poisoned.
You fade into invisibility!
The hobgoblin closely misses you.
The water moccasin bites you but does no damage.
The water moccasin bites you.
* * * LOW HITPOINT WARNING * * *
You are lethally poisoned!
The water moccasin poisons you!
You die...

#..##.#.#........##....
#.....#...##...####....
#...#.#.####...####....
#>.........+...........
#.#.#......#...####....
#.#........#...####....
#.###......##..)...###.
#..........##......# ##
#.###.@....##......# #
#.###.#.....+......# #
####gS......#......# ##
#........#......# #.
#...######......# #.
#...# #+#...###. #...#
#...##.. ########...#
.#...##.. # ......#.'##
.........


You could see a water moccasin (unable to see you) and a hobgoblin (unable to
see you).

Vanquished Creatures
  Sigmund (D:3)
  A scorpion (D:4)
  Jessica (D:2)
  2 iguanas
  Robin (D:3)
  3 gnolls (D:2)
  6 adders
  2 worms (D:3)
  6 orcs
  3 ball pythons (D:1)
  6 bats
  8 endoplasms
  2 giant cockroaches
  16 goblins
  8 hobgoblins
  2 jackals (D:1)
  2 quokkas
  5 frilled lizards
  A hobgoblin zombie (Ossuary)
  8 kobolds
  2 kobold zombies (Ossuary)
  An orc zombie (Ossuary)
  8 rats
95 creatures vanquished.

Notes
Turn   | Place    | Note
-------+----------+-------------------------------------------
     0 | D:1      | Strafespey the Kobold Enchanter began the quest for the
                  | Orb.
     0 | D:1      | Reached XP level 1. HP: 10/10 MP: 3/3
   324 | D:1      | Reached XP level 2. HP: 16/16 MP: 5/5
   328 | D:1      | Learned a level 2 spell: Ensorcelled Hibernation
   359 | D:1      | Reached skill level 1 in Fighting
   547 | D:1      | Found a faded altar of an unknown god.
   763 | D:1      | Reached XP level 3. HP: 20/20 MP: 1/6
  1616 | D:2      | Reached XP level 4. HP: 25/25 MP: 7/7
  1658 | D:2      | Reached skill level 1 in Ice Magic
  1868 | D:2      | Noticed Jessica
  1874 | D:2      | Killed Jessica
  1875 | D:2      | Reached skill level 5 in Short Blades
  1875 | D:2      | Reached XP level 5. HP: 19/29 MP: 1/8
  2357 | D:3      | Noticed Robin
  2550 | D:3      | Killed Robin
  2760 | D:3      | Noticed Sigmund
  3147 | D:3      | Reached XP level 6. HP: 34/34 MP: 6/9
  3258 | D:3      | Identified the +1 long sword of the Dead {flame, Str-3
                  | Int+4 Dex+7 Stlth+}
  3373 | D:3      | Killed Sigmund
  3431 | D:3      | Found a runed translucent door.
  3434 | D:3      | Noticed Crazy Yiuf
  3871 | D:4      | Reached skill level 5 in Stealth
  3871 | D:4      | Reached XP level 7. HP: 36/38 MP: 10/10
  4002 | D:4      | Found a sand-covered staircase.
  4263 | D:4      | Found a hazy altar of Hepliaklqana.
  4437 | D:4      | Found a sacrificial altar of Ru.
  4485 | D:4      | Noticed a water moccasin
  4486 | D:4      | Found a runed translucent door.
  4496 | Ossuary  | Entered an ossuary
  4647 | D:4      | Succumbed to a water moccasin's poison

Illustrated notes

Levels and vault maps discovered:
D:1:      grunt_arrival_crossed_arrows, layout_basic,
          ebering_ecumenical_altar_petrified
D:2:      layout_loops_ring, minmay_tall_x, uniq_jessica
D:3:      layout_rooms, uniq_robin, uniq_crazy_yiuf_cottage, uniq_sigmund
D:4:      layout_basic, nicolae_overflow_crystal_walls, old_standard_altar,
          ebering_ghost_reflecting_pool, nicolae_ossuary_entry_ruins,
          kennysheep_generic_room_3

Skill      XL: |  1  2  3  4  5  6  7 |
---------------+----------------------+-----
Fighting       | 1 |  1.0
Short Blades   | 2 3 5 6 |  6.0
Ice Magic      | 1 2 4 |  4.2
Stealth        | 5 6 |  6.0
Dodging        | |  2.4
Spellcasting   | |  2.1
Hexes          | |  3.2

Action                   |  1- 3 |  4- 6 |  7- 9 || total
-------------------------+-------+-------+-------++-------
Melee: Dagger            |    59 |   105 |    17 ||   181
       Long sword        |       |     4 |       ||     4
       Punch             |       |     1 |       ||     1
       Short sword       |       |       |     9 ||     9
 Cast: Ensorcelled Hiber |    12 |    20 |     6 ||    38
  Use: Scroll            |     1 |     2 |     1 ||     4
       Potion            |       |     1 |     1 ||     2
 Stab: Sleeping          |    29 |    30 |    11 ||    70
       Distracted        |       |       |     1 ||     1
Armor: Chain mail        |    17 |       |       ||    17
       Robe              |     1 |    14 |     6 ||    21
Dodge: Dodged            |    13 |    85 |    20 ||   118
